| TOP OF THE 1ST |
|
Grand Junction Rockies batting - Pitching for Johnson City Cardinals : RHP Marcos Vergara
|
|
Pitching: RHP Marcos Vergara
|
|
|
Batting: SHB Rich McDonald
|
0-0: Ball 1-0: Foul Ball, location: 2F 1-1: Ball 2-1: Ball 3-1: Foul Ball, location: 2F 3-2: Foul Ball, location: 2F 3-2: Foul Ball, location: 2F 3-2: Foul Ball, location: 2F 3-2: Foul Ball, location: 2F 3-2: Foul Ball, location: 2F 3-2: Foul Ball, location: 2F 3-2: Base on Balls
|
|
Batting: RHB Ivan Castaneda
|
0-0: Ball Passed Ball! Rich McDonald to second 1-0: Ball 2-0: Swinging Strike 2-1: SINGLE (Groundball, 56S, EV 75.0 MPH) (infield hit) Rich McDonald to third
|
|
Batting: RHB Wali Mulogo
|
0-0: Ball 1-0: Called Strike 1-1: Called Strike 1-2: Strikes out swinging
|
|
Batting: RHB Justin Garrett
|
0-0: Called Strike Ivan Castaneda steals 2nd base 0-1: Swinging Strike 0-2: Ball 1-2: Strikes out swinging
|
|
Batting: RHB Josh Lofgreen
|
0-0: Ball 1-0: Ball 2-0: Ball 3-0: Base on Balls
|
|
Batting: SHB Oscar Barahona
|
0-0: Ball 1-0: SINGLE (Groundball, 4MD, EV 108.1 MPH) Rich McDonald scores Ivan Castaneda to third Josh Lofgreen to second Runner from 3rd tries for Home, SAFE, throw by CF to home
|
|
Batting: RHB Edwin Bejarano
|
0-0: Called Strike 0-1: Ball 1-1: Ball 2-1: Foul Ball, location: 2F 2-2: Hit by Pitch Josh Lofgreen to third Oscar Barahona to second
|
|
Batting: SHB J.D. Newman
|
0-0: Called Strike 0-1: Called Strike 0-2: Strikes out looking
|
| Top of the 1st over - 2 runs, 2 hits, 0 errors, 3 left on base; Grand Junction 2 - Johnson City 0 |
| BOTTOM OF THE 1ST |
|
Johnson City Cardinals batting - Pitching for Grand Junction Rockies : LHP Mike Pierce
|
|
Pitching: LHP Mike Pierce
|
|
|
Batting: RHB Chris Rouleau
|
0-0: Called Strike 0-1: Called Strike 0-2: Ball 1-2: Foul Ball, location: 2F 1-2: Ball 2-2: SOLO HOME RUN (Line Drive, 78XD, EV 104.4 MPH), Distance : 434 ft
|
|
Batting: RHB Mario Carbajal
|
0-0: Called Strike 0-1: Ball 1-1: SOLO HOME RUN (Flyball, 9D, EV 94.4 MPH), Distance : 377 ft
|
|
Batting: RHB Nelson Salamanca
|
0-0: Ball 1-0: Ground out 5-3 (Groundball, 56S, EV 66.9 MPH)
|
|
Batting: SHB Steve Langlois
|
0-0: Ball 1-0: Fly out, F7 (Flyball, 7D, EV 96.2 MPH)
|
|
Batting: RHB McGwire Jones
|
0-0: Ball 1-0: Called Strike 1-1: Foul Ball, location: 2F 1-2: Foul Ball, location: 2F 1-2: Ball 2-2: SINGLE (Line Drive, 6D, EV 100.6 MPH)
|
|
Batting: SHB Bobby Mercado
|
0-0: Ball Passed Ball! McGwire Jones to second 1-0: Called Strike 1-1: Foul Ball, location: 2F 1-2: Ball 2-2: Ball 3-2: Strikes out looking
|
| Bottom of the 1st over - 2 runs, 3 hits, 0 errors, 1 left on base; Grand Junction 2 - Johnson City 2 |
| TOP OF THE 2ND |
|
Grand Junction Rockies batting - Pitching for Johnson City Cardinals : RHP Marcos Vergara
|
|
Batting: RHB Alex Valadez
|
0-0: Ball 1-0: Called Strike 1-1: SINGLE (Line Drive, 6MD, EV 105.6 MPH)
|
|
Batting: SHB Rich McDonald
|
0-0: TRIPLE (Flyball, 8LXD, EV 91.9 MPH) Alex Valadez scores
|
|
Batting: RHB Ivan Castaneda
|
0-0: Called Strike 0-1: Ball 1-1: Ball 2-1: Foul Ball, location: 2F 2-2: Ground out 6-3 (Groundball, 6, EV 104.4 MPH) Rich McDonald scores
|
|
Batting: RHB Wali Mulogo
|
0-0: Called Strike 0-1: Ball 1-1: Ball 2-1: Ball 3-1: Foul Ball, location: 2F 3-2: Base on Balls
|
|
Batting: RHB Justin Garrett
|
0-0: Called Strike 0-1: Foul Ball, location: 2F 0-2: Foul Ball, location: 2F 0-2: Ball 1-2: Ball 2-2: Foul Ball, location: 2F 2-2: Ball 3-2: Foul Ball, location: 2F 3-2: SINGLE (Groundball, 56D, EV 95.6 MPH) Wali Mulogo to second Wali Mulogo to third
|
|
Batting: RHB Josh Lofgreen
|
0-0: Called Strike 0-1: Ball 1-1: Ball 2-1: Foul Ball, location: 2F 2-2: Strikes out swinging
|
|
Batting: SHB Oscar Barahona
|
0-0: Foul Ball, location: 2F 0-1: Swinging Strike 0-2: Ball 1-2: Ground out 4-3 (Groundball, 4, EV 96.2 MPH)
|
| Top of the 2nd over - 2 runs, 3 hits, 0 errors, 2 left on base; Grand Junction 4 - Johnson City 2 |
| BOTTOM OF THE 2ND |
|
Johnson City Cardinals batting - Pitching for Grand Junction Rockies : LHP Mike Pierce
|
|
Batting: RHB Sal Guzman
|
0-0: Ball 1-0: Ball 2-0: Ball 3-0: Base on Balls
|
|
Batting: RHB Edgar Klockow
|
0-0: Fly out, F8 (Flyball, 8LD, EV 96.9 MPH)
|
|
Batting: RHB Shou-feng Chang
|
0-0: Ball Passed Ball! Sal Guzman to second 1-0: Foul Ball, location: 2F 1-1: Ball 2-1: Swinging Strike 2-2: Ball 3-2: Base on Balls
|
|
Batting: RHB Chris Rouleau
|
0-0: DOUBLE (Line Drive, 89D, EV 104.4 MPH) Sal Guzman scores Shou-feng Chang to third
|
|
Batting: RHB Mario Carbajal
|
0-0: Foul Ball, location: 2F 0-1: Ball 1-1: Ball 2-1: Ground out 5-3 (Groundball, 56S, EV 80.0 MPH) Shou-feng Chang scores
|
|
Batting: RHB Nelson Salamanca
|
0-0: Called Strike 0-1: Called Strike 0-2: 2-RUN HOME RUN (Flyball, 78XD, EV 108.8 MPH), Distance : 422 ft
|
|
Batting: SHB Steve Langlois
|
0-0: Fly out, F8 (Flyball, 8LD, EV 90.0 MPH)
|
| Bottom of the 2nd over - 4 runs, 2 hits, 0 errors, 0 left on base; Grand Junction 4 - Johnson City 6 |
| TOP OF THE 3RD |
|
Grand Junction Rockies batting - Pitching for Johnson City Cardinals : RHP Marcos Vergara
|
|
Batting: RHB Edwin Bejarano
|
0-0: Called Strike 0-1: Foul Ball, location: 2F 0-2: Foul Ball, location: 2F 0-2: Ball 1-2: Strikes out swinging
|
|
Batting: SHB J.D. Newman
|
0-0: Ball 1-0: Ball 2-0: Called Strike 2-1: Foul Ball, location: 2F 2-2: Strikes out looking
|
|
Batting: RHB Alex Valadez
|
0-0: Swinging Strike 0-1: Ground out 6-3 (Groundball, 6S, EV 69.4 MPH)
|
| Top of the 3rd over - 0 runs, 0 hits, 0 errors, 0 left on base; Grand Junction 4 - Johnson City 6 |
| BOTTOM OF THE 3RD |
|
Johnson City Cardinals batting - Pitching for Grand Junction Rockies : LHP Mike Pierce
|
|
Batting: RHB McGwire Jones
|
0-0: Ball 1-0: Called Strike 1-1: Swinging Strike 1-2: Strikes out swinging
|
|
Pitching: RHP Don Carriere
|
|
|
Batting: SHB Bobby Mercado
|
0-0: Ball 1-0: Ball 2-0: Called Strike 2-1: Ball 3-1: Swinging Strike 3-2: Base on Balls
|
|
Batting: RHB Sal Guzman
|
0-0: Ball Bobby Mercado steals 2nd base 1-0: Ball 2-0: Swinging Strike Passed Ball! Bobby Mercado to third 2-1: Ball Wild Pitch! Bobby Mercado scores 3-1: Base on Balls
|
|
Batting: RHB Edgar Klockow
|
0-0: Ball Wild Pitch! Sal Guzman to second 1-0: Ball Passed Ball! Sal Guzman to third 2-0: Foul Ball, location: 2F 2-1: Foul Ball, location: 2F 2-2: Foul Ball, location: 2F 2-2: Strikes out swinging
|
|
Batting: RHB Shou-feng Chang
|
0-0: Called Strike 0-1: Ball 1-1: Ball Wild Pitch! Sal Guzman scores 2-1: Foul Ball, location: 2F 2-2: Ball 3-2: Base on Balls
|
|
Pitching: RHP David Landa
|
|
|
Batting: RHB Chris Rouleau
|
0-0: Ball Shou-feng Chang steals 2nd base 1-0: Swinging Strike 1-1: Ball Passed Ball! Shou-feng Chang to third 2-1: Called Strike 2-2: Ground out 5-3 (Groundball, 56, EV 103.1 MPH)
|
| Bottom of the 3rd over - 2 runs, 0 hits, 0 errors, 1 left on base; Grand Junction 4 - Johnson City 8 |
| TOP OF THE 4TH |
|
Grand Junction Rockies batting - Pitching for Johnson City Cardinals : RHP Marcos Vergara
|
|
Pitching: RHP Steve Holmes
|
|
|
Batting: SHB Rich McDonald
|
0-0: Ball 1-0: Ball 2-0: Called Strike 2-1: SINGLE (Groundball, 6MD, EV 108.1 MPH)
|
|
Batting: RHB Ivan Castaneda
|
0-0: Foul Ball, location: 2F 0-1: Foul Ball, location: 2F 0-2: Ball 1-2: Strikes out swinging
|
|
Batting: RHB Wali Mulogo
|
0-0: Ball 1-0: Called Strike 1-1: Ball Rich McDonald is caught stealing 2nd base 2-4 2-1: Ball 3-1: Base on Balls
|
|
Batting: RHB Justin Garrett
|
0-0: Called Strike 0-1: Swinging Strike 0-2: Strikes out looking
|
| Top of the 4th over - 0 runs, 1 hit, 0 errors, 1 left on base; Grand Junction 4 - Johnson City 8 |
| BOTTOM OF THE 4TH |
|
Johnson City Cardinals batting - Pitching for Grand Junction Rockies : RHP David Landa
|
|
Batting: RHB Mario Carbajal
|
0-0: Ball 1-0: Called Strike 1-1: Ball 2-1: Ball 3-1: Base on Balls
|
|
Batting: RHB Nelson Salamanca
|
0-0: Ball Passed Ball! Mario Carbajal to second 1-0: Ball 2-0: Ball Passed Ball! Mario Carbajal to third 3-0: Base on Balls
|
|
Batting: SHB Steve Langlois
|
0-0: Foul Ball, location: 2F 0-1: Ball 1-1: Called Strike 1-2: Ball 2-2: SINGLE (Line Drive, 7LM, EV 105.6 MPH) Mario Carbajal scores Nelson Salamanca to second
|
|
Batting: RHB McGwire Jones
|
0-0: Ball Wild Pitch! Nelson Salamanca to third Steve Langlois to second 1-0: Ground out 6-3 (Groundball, 6, EV 82.5 MPH) Nelson Salamanca scores Steve Langlois to third
|
|
Batting: SHB Bobby Mercado
|
0-0: Ball 1-0: Ball Passed Ball! Steve Langlois scores 2-0: Ball 3-0: Called Strike 3-1: Base on Balls
|
|
Batting: RHB Sal Guzman
|
0-0: Ball 1-0: Ball Passed Ball! Bobby Mercado to second 2-0: Ball Wild Pitch! Bobby Mercado to third 3-0: Base on Balls
|
|
Batting: RHB Edgar Klockow
|
0-0: Ball 1-0: Ball 2-0: Foul Ball, location: 2F 2-1: DOUBLE (Line Drive, 7LS, EV 90.0 MPH) Bobby Mercado scores Sal Guzman to third
|
|
Batting: RHB Shou-feng Chang
|
0-0: Ball Passed Ball! Sal Guzman scores Edgar Klockow to third 1-0: Ball 2-0: Swinging Strike 2-1: Fly out, F8 (Line Drive, 89M, EV 105.0 MPH)
|
|
Batting: RHB Chris Rouleau
|
0-0: Ball 1-0: Ground out 5-3 (Groundball, 5, EV 83.8 MPH)
|
| Bottom of the 4th over - 5 runs, 2 hits, 0 errors, 1 left on base; Grand Junction 4 - Johnson City 13 |
| TOP OF THE 5TH |
|
Grand Junction Rockies batting - Pitching for Johnson City Cardinals : RHP Steve Holmes
|
|
Batting: RHB Josh Lofgreen
|
0-0: Foul Ball, location: 2F 0-1: Ball 1-1: Fly out, F8 (Flyball, 8RD, EV 84.4 MPH)
|
|
Batting: SHB Oscar Barahona
|
0-0: Foul Ball, location: 2F 0-1: Ball 1-1: Foul Ball, location: 2F 1-2: Ball 2-2: Strikes out swinging
|
|
Batting: RHB Edwin Bejarano
|
0-0: Foul Ball, location: 2F 0-1: Ball 1-1: Foul Ball, location: 2F 1-2: Ball 2-2: Ball 3-2: Base on Balls
|
|
Batting: SHB J.D. Newman
|
0-0: Ball 1-0: Called Strike 1-1: Ball 2-1: Ball 3-1: Ground out 4-3 (Groundball, 34, EV 104.4 MPH)
|
| Top of the 5th over - 0 runs, 0 hits, 0 errors, 1 left on base; Grand Junction 4 - Johnson City 13 |
| BOTTOM OF THE 5TH |
|
Johnson City Cardinals batting - Pitching for Grand Junction Rockies : RHP David Landa
|
|
Batting: RHB Mario Carbajal
|
0-0: Swinging Strike 0-1: Ball 1-1: SINGLE (Line Drive, 8LS, EV 110.6 MPH)
|
|
Batting: RHB Nelson Salamanca
|
0-0: Called Strike 0-1: Called Strike 0-2: Foul Ball, location: 2F 0-2: Foul Ball, location: 2F 0-2: Ball Wild Pitch! Mario Carbajal to second 1-2: Fly out, F8 (Flyball, 89M, EV 81.2 MPH)
|
|
Batting: SHB Steve Langlois
|
0-0: Ball Passed Ball! Mario Carbajal to third 1-0: Swinging Strike 1-1: Ball 2-1: Ball 3-1: Base on Balls
|
|
Batting: RHB McGwire Jones
|
0-0: Ball Wild Pitch! Mario Carbajal scores Steve Langlois to second 1-0: Called Strike 1-1: Foul Ball, location: 2F 1-2: Strikes out swinging
|
|
Pitching: RHP Joe Shade
|
|
|
Batting: SHB Bobby Mercado
|
0-0: Ball Passed Ball! Steve Langlois to third 1-0: Ground out 1-3 (Groundball, 34S, EV 68.1 MPH)
|
| Bottom of the 5th over - 1 run, 1 hit, 0 errors, 1 left on base; Grand Junction 4 - Johnson City 14 |
| TOP OF THE 6TH |
|
Grand Junction Rockies batting - Pitching for Johnson City Cardinals : RHP Steve Holmes
|
|
Batting: RHB Alex Valadez
|
0-0: Ball 1-0: Ball 2-0: Ball 3-0: Base on Balls
|
|
Batting: SHB Rich McDonald
|
0-0: Ball 1-0: Called Strike 1-1: Called Strike 1-2: Strikes out swinging
|
|
Batting: RHB Ivan Castaneda
|
0-0: Called Strike 0-1: Ball 1-1: Fly out, F7 (Flyball, 78M, EV 87.5 MPH)
|
|
Batting: RHB Wali Mulogo
|
0-0: Ball Alex Valadez steals 2nd base 1-0: Foul Ball, location: 2F 1-1: Swinging Strike 1-2: Strikes out swinging
|
| Top of the 6th over - 0 runs, 0 hits, 0 errors, 1 left on base; Grand Junction 4 - Johnson City 14 |
| BOTTOM OF THE 6TH |
|
Johnson City Cardinals batting - Pitching for Grand Junction Rockies : RHP Joe Shade
|
|
Batting: RHB Sal Guzman
|
0-0: Ball 1-0: Foul Ball, location: 2F 1-1: Called Strike 1-2: Foul Ball, location: 2F 1-2: Ball 2-2: Ball 3-2: Fly out, F8 (Flyball, 8RD, EV 90.0 MPH)
|
|
Batting: RHB Edgar Klockow
|
0-0: Ball 1-0: Called Strike 1-1: Ball 2-1: Ball 3-1: Base on Balls
|
|
Batting: RHB Shou-feng Chang
|
0-0: Called Strike 0-1: Ball Wild Pitch! Edgar Klockow to second 1-1: Fly out, F9 (Flyball, 9, EV 95.6 MPH)
|
|
Batting: RHB Chris Rouleau
|
0-0: Ball 1-0: Reached on error, E4 (Groundball, P, EV 75.6 MPH) Edgar Klockow to third
|
|
Batting: RHB Mario Carbajal
|
0-0: SINGLE (Flyball, 6D, EV 97.5 MPH) Edgar Klockow scores Chris Rouleau to second
|
|
Batting: RHB Nelson Salamanca
|
0-0: Ball 1-0: Ball Wild Pitch! Chris Rouleau to third Mario Carbajal to second 2-0: Ball 3-0: Foul Ball, location: 2F 3-1: Base on Balls
|
|
Pitching: RHP Carlos Manriquez
|
|
|
Batting: SHB Steve Langlois
|
0-0: Ground out 4-3 (Groundball, 4, EV 101.2 MPH)
|
| Bottom of the 6th over - 1 run, 1 hit, 1 error, 3 left on base; Grand Junction 4 - Johnson City 15 |
| TOP OF THE 7TH |
|
Grand Junction Rockies batting - Pitching for Johnson City Cardinals : RHP Steve Holmes
|
|
Batting: RHB Justin Garrett
|
0-0: Foul Ball, location: 2F 0-1: Foul Ball, location: 2F 0-2: Ball 1-2: Foul Ball, location: 2F 1-2: Foul Ball, location: 2F 1-2: Foul Ball, location: 2F 1-2: DOUBLE (Line Drive, 89D, EV 110.0 MPH)
|
|
Pitching: RHP Nick Durham
|
|
|
Batting: RHB Josh Lofgreen
|
0-0: Called Strike 0-1: Swinging Strike 0-2: Ball 1-2: Ground out 5-3 (Groundball, 5, EV 85.0 MPH)
|
|
Batting: SHB Oscar Barahona
|
0-0: Ball Wild Pitch! Justin Garrett to third 1-0: Ball 2-0: Foul Ball, location: 2F 2-1: Ball 3-1: Foul Ball, location: 2F 3-2: DOUBLE (Line Drive, 89D, EV 106.9 MPH) Justin Garrett scores
|
|
Batting: RHB Edwin Bejarano
|
0-0: Called Strike 0-1: Called Strike 0-2: Ball 1-2: Strikes out swinging
|
|
Batting: SHB J.D. Newman
|
0-0: Foul Ball, location: 2F 0-1: Called Strike 0-2: Ball 1-2: Ball 2-2: DOUBLE (Line Drive, 78D, EV 104.4 MPH) Oscar Barahona scores
|
|
Batting: RHB Alex Valadez
|
0-0: Ball 1-0: Ball 2-0: Called Strike 2-1: Swinging Strike 2-2: Ball 3-2: Foul Ball, location: 2F 3-2: Foul Ball, location: 2F 3-2: Base on Balls
|
|
Batting: SHB Rich McDonald
|
0-0: Ball Wild Pitch! J.D. Newman to third Alex Valadez to second 1-0: Called Strike 1-1: Swinging Strike Passed Ball! J.D. Newman scores Alex Valadez to third 1-2: Ball 2-2: Ball 3-2: Foul Ball, location: 2F 3-2: Strikes out swinging
|
| Top of the 7th over - 3 runs, 3 hits, 0 errors, 1 left on base; Grand Junction 7 - Johnson City 15 |
| BOTTOM OF THE 7TH |
|
Johnson City Cardinals batting - Pitching for Grand Junction Rockies : RHP Carlos Manriquez
|
|
Batting: RHB McGwire Jones
|
0-0: Called Strike 0-1: Ball 1-1: Ball 2-1: Called Strike 2-2: Ball 3-2: Strikes out swinging
|
|
Batting: SHB Bobby Mercado
|
0-0: Foul Ball, location: 2F 0-1: Ground out 5-3 (Groundball, 56S, EV 61.2 MPH)
|
|
Batting: RHB Sal Guzman
|
0-0: Called Strike 0-1: Foul Ball, location: 2F 0-2: Hit by Pitch
|
|
Batting: RHB Edgar Klockow
|
0-0: Ball Sal Guzman steals 2nd base 1-0: Called Strike 1-1: Ground out 6-3 (Groundball, 6, EV 78.1 MPH)
|
| Bottom of the 7th over - 0 runs, 0 hits, 0 errors, 1 left on base; Grand Junction 7 - Johnson City 15 |
| TOP OF THE 8TH |
|
Grand Junction Rockies batting - Pitching for Johnson City Cardinals : RHP Nick Durham
|
|
Batting: RHB Ivan Castaneda
|
0-0: Ball 1-0: Called Strike 1-1: Hit by Pitch
|
|
Batting: RHB Wali Mulogo
|
0-0: Foul Ball, location: 2F 0-1: Ball 1-1: Swinging Strike 1-2: Strikes out swinging
|
|
Batting: RHB Justin Garrett
|
0-0: Swinging Strike 0-1: Swinging Strike 0-2: Ball 1-2: Strikes out swinging
|
|
Batting: RHB Josh Lofgreen
|
0-0: Ball 1-0: Called Strike 1-1: Ball 2-1: Called Strike 2-2: Strikes out looking
|
| Top of the 8th over - 0 runs, 0 hits, 0 errors, 1 left on base; Grand Junction 7 - Johnson City 15 |
| BOTTOM OF THE 8TH |
|
Johnson City Cardinals batting - Pitching for Grand Junction Rockies : RHP Carlos Manriquez
|
|
Batting: RHB Shou-feng Chang
|
0-0: Called Strike 0-1: Ball 1-1: Ground out 4-3 (Groundball, 4, EV 91.9 MPH)
|
|
Batting: RHB Chris Rouleau
|
0-0: Foul Ball, location: 2F 0-1: Ball 1-1: Foul Ball, location: 2F 1-2: Ball 2-2: Foul Ball, location: 2F 2-2: SOLO HOME RUN (Flyball, 78XD, EV 100.6 MPH), Distance : 406 ft
|
|
Batting: RHB Mario Carbajal
|
0-0: Ball 1-0: Called Strike 1-1: Called Strike 1-2: Foul Ball, location: 2F 1-2: SOLO HOME RUN (Flyball, 7LD, EV 94.4 MPH), Distance : 345 ft
|
|
Pitching: RHP Tom Gentry
|
|
|
Batting: RHB Nelson Salamanca
|
0-0: Foul Ball, location: 2F 0-1: Ball 1-1: DOUBLE (Flyball, 8LXD, EV 103.1 MPH)
|
|
Batting: SHB Steve Langlois
|
0-0: Ball 1-0: Called Strike 1-1: Ball 2-1: Foul Ball, location: 2F 2-2: Foul Ball, location: 2F 2-2: Foul Ball, location: 2F 2-2: Ball Passed Ball! Nelson Salamanca to third 3-2: Base on Balls
|
|
Batting: RHB McGwire Jones
|
0-0: Called Strike 0-1: Called Strike 0-2: Foul Ball, location: 2F 0-2: Ball Passed Ball! Nelson Salamanca scores Steve Langlois to second 1-2: Strikes out swinging
|
|
Batting: SHB Bobby Mercado
|
0-0: Ball Passed Ball! Steve Langlois to third 1-0: Ball Passed Ball! Steve Langlois scores 2-0: Called Strike 2-1: Called Strike 2-2: Ball 3-2: Base on Balls
|
|
Pitching: LHP Ernesto Galindo
|
|
|
Batting: RHB Sal Guzman
|
0-0: Ball Passed Ball! Bobby Mercado to second 1-0: Foul Ball, location: 2F 1-1: Ball Wild Pitch! Bobby Mercado to third 2-1: Ground out 4-3 (Groundball, 4, EV 100.0 MPH)
|
| Bottom of the 8th over - 4 runs, 3 hits, 0 errors, 1 left on base; Grand Junction 7 - Johnson City 19 |
| TOP OF THE 9TH |
|
Grand Junction Rockies batting - Pitching for Johnson City Cardinals : RHP Nick Durham
|
|
Batting: SHB Oscar Barahona
|
0-0: Called Strike 0-1: Ball 1-1: Called Strike 1-2: Strikes out looking
|
|
Batting: RHB Edwin Bejarano
|
0-0: Foul Ball, location: 2F 0-1: Swinging Strike 0-2: Strikes out looking
|
|
Batting: SHB J.D. Newman
|
0-0: Ground out 6-3 (Groundball, 6, EV 81.2 MPH)
|
| Top of the 9th over - 0 runs, 0 hits, 0 errors, 0 left on base; Grand Junction 7 - Johnson City 19 |
|